 Dungeon Crawl Stone Soup version 0.23-a0-650-ga4d50d4d25 (webtiles) character file.

179 Adamkad1 the Skirmisher (level 5, -1/42 HPs)
             Began as a Formicid Abyssal Knight on Jan 4, 2019.
             Was a Believer of Lugonu.
             Slain by a worm (9 damage)
             ... on level 2 of the Dungeon.
             The game lasted 00:04:21 (3935 turns).

Adamkad1 the Skirmisher (Formicid Abyssal Knight)   Turns: 3935, Time: 00:04:22

Health: -1/42      AC:  3    Str: 17    XL:     5   Next: 90%
Magic:  7/7        EV: 12    Int: 12    God:    Lugonu [**....]
Gold:   109        SH:  0    Dex: 10    Spells: 4/4 levels left

rFire    . . .     SeeInvis +   a - +2 hand axe
rCold    . . .     Gourm    .   (no shield)
rNeg     . . .     Faith    .   b - +0 leather armour
rPois    +         Spirit   .   (helmet unavailable)
rElec    .         Reflect  .   (no cloak)
rCorr    .         Harm     .   (no gloves)
MR       .....                  (no boots)
Stlth    +.........             (no amulet)
HPRegen  0.14/turn              h - ring of poison resistance
MPRegen  0.10/turn              (no ring)

@: no status effects
A: permanent stasis, dig shafts and tunnels, four strong arms, antennae 3
a: Dig, Shaft Self, Depart the Abyss, Bend Space, Renounce Religion


You were on level 2 of the Dungeon.
You worshipped Lugonu.
Lugonu was pleased with you.
You were not hungry.

You visited 1 branch of the dungeon, and saw 3 of its levels.
You visited the Abyss 1 time.

You collected 109 gold pieces.

Inventory:

Hand Weapons
 a - a +2 hand axe (weapon)
Armour
 b - a +0 leather armour (worn)
 e - a +0 ring mail
Jewellery
 h - a ring of poison resistance (left hand)
Scrolls
 d - a scroll of noise {unknown}
 k - a scroll of identify
Potions
 f - a potion of brilliance
 g - 3 potions of flight
 i - a potion of haste {unknown}
 j - a potion of degeneration {unknown}
 l - a potion of ambrosia {unknown}
 m - a potion of resistance {unknown}
 n - a potion of heal wounds {unknown}
Comestibles
 c - 9 rations


   Skills:
 * Level 4.2 Fighting
 + Level 2.6 Axes
 * Level 3.5 Armour
 + Level 1.9 Dodging
 * Level 3.8 Invocations


You had 4 spell levels left.
You didn't know any spells.
Your spell library was empty.

Dungeon Overview and Level Annotations

Branches:
Dungeon (3/15)

Altars:
Yredelemnul
The Shining One

Annotations:
D:3 Robin


Innate Abilities, Weirdness & Mutations

You cannot be hasted, slowed, berserked, paralysed or teleported.
You can dig through walls and to a lower floor.
Your four strong arms can wield two-handed weapons with a shield.
You have a pair of large antennae on your head. (SInv)


Message History

You slash the worm!
You kill the worm!
Lugonu accepts your kill.
You hit the worm. The worm barely misses you.
You hit the worm.
The worm is severely wounded.
The worm bites you.
You barely miss the worm.
The worm is severely wounded.
You hit the worm.
The worm is severely wounded.
The worm bites you!
* * * LOW HITPOINT WARNING * * *
You hit the worm.
The worm is severely wounded.
The worm barely misses you.
You hit the worm.
The worm is almost dead.
The worm bites you!
You die...

...#####.# #..#...##.# #.# #.
...# #.# #..##..##.# #.# #. (..#
#.#######.##..##.# #.# #. ####
#.##....#.##..##.# #.# #.
#.##....#.##.....# #.# #.
########.##....#.##...######.###.
.........##....#.##.............<
......#####....#)##..........####
...............[@##..#....##.)...
...............#w##.......##.####
............####.##.########.#...
............# #.##.# #.#.##
............# #.##.# #.#...
......####### #.##.# #.####
......# #.##.# #.#... ......#
#.##.# #.#.## ##.#### #.##.#
#.#.#


You could see a worm.

Vanquished Creatures
  A scorpion (D:2)
  3 gnolls
  An adder (D:3)
  3 oozes
  4 worms (D:2)
  2 dart slugs
  3 leopard geckos (D:2)
  5 orcs
  8 bats
  3 giant cockroaches
  8 goblins
  7 hobgoblins
  3 jackals (D:1)
  2 frilled lizards (D:1)
  3 kobolds
  6 rats
62 creatures vanquished.

Notes
Turn   | Place    | Note
-------+----------+-------------------------------------------
     0 | Abyss:1  | Adamkad1 the Formicid Abyssal Knight began the quest for
                  | the Orb.
     0 | Abyss:1  | Reached XP level 1. HP: 18/18 MP: 2/2
    84 | Abyss:1  | Found an opulent altar of Gozag.
   206 | Abyss:1  | Noticed an eye of draining
   207 | D:1      | Escaped the Abyss
   229 | D:1      | Reached skill level 1 in Dodging
   288 | D:1      | Reached * piety under Lugonu
   288 | D:1      | Reached XP level 2. HP: 24/24 MP: 3/3
   852 | D:1      | Reached XP level 3. HP: 29/29 MP: 4/4
  1418 | D:2      | Found a basalt altar of Yredelemnul.
  1731 | D:2      | Reached XP level 4. HP: 32/37 MP: 6/6
  1965 | D:2      | Reached skill level 4 in Fighting
  1965 | D:2      | Reached XP level 5. HP: 32/42 MP: 7/7
  3394 | D:3      | Reached ** piety under Lugonu
  3397 | D:3      | Noticed Robin
  3625 | D:3      | Found a glowing golden altar of the Shining One.
  3935 | D:2      | Slain by a worm

Vault maps used:
D:1:      lightli_iron_boxes, glass_columns_c
D:2:      lemuel_doored_altar
D:3:      cheibrodos_pilgrimage, nicolae_overflow_hidden_temple,
          chequers_ecumenical_altar_lobes, serial_corexii_hall,
          corexii_hall_statues_s, chequers_hall_statues_corner_a, first_ration,
          uniq_robin

Skill      XL: |  1  2  3  4 |
---------------+-------------+-----
Dodging        | 1 |  1.9
Invocations    | 3 |  3.8
Fighting       | 4 |  4.2
Armour         | 3 |  3.5
Axes           | |  2.6

Action                   |  1- 3 |  4- 6 || total
-------------------------+-------+-------++-------
Melee: Hand axe          |   131 |   112 ||   243
Invok: Depart the Abyss  |     1 |       ||     1
       Bend Space        |       |     1 ||     1
  Use: Scroll            |       |     5 ||     5
  Eat: Chunk             |     3 |     7 ||    10
Armor: Leather armour    |    52 |    20 ||    72
Dodge: Dodged            |   100 |    79 ||   179

Table legend:
 A = Non-vault XP
 B = Vault XP
 C = Vault XP percentage of total XP
 D = Non-vault monster count
 E = Vault monster count
 F = Vault count percentage of total count
                 A         B        C        D         E       F
            +---------+---------+-------+---------+---------+-------
      Total |     249 |       7 |   2.7 |      58 |       4 |   6.5
            +---------+---------+-------+---------+---------+-------
        D:1 |      58 |       0 |   0.0 |      26 |       0 |   0.0
        D:2 |     154 |       0 |   0.0 |      24 |       0 |   0.0
        D:3 |      37 |       7 |  15.9 |       8 |       4 |  33.3
            +---------+---------+-------+---------+---------+-------
